AoeStats
← CaptainThomas

QS Arena

503404213Analyzed
1v1 RM · 1mo ago on Aug 31, 2026· 41m 11s· 2 players
Game mode
Random Map
Map size
Tiny (2 player)
Population
200
Speed
Normal
Resources
Standard
Victory
Conquest
Starting age
Dark Age
Ending age
Imperial Age
RankedLock teamsTeams togetherTeam positionsShared explorationLock speedFull tech treeHidden civsTurbo modeCheats
Victory
Defeat
🇫🇷 Gurjaras · France
1822
+11
🇫🇷 Bengalis · France
1719
-11
CaptainThomas
8:24 Feudal Age
12:22 Castle Age
10:29 Horse Collar
11:03 Double-Bit Axe
14:24 Pikeman
18:12 Wheelbarrow
17:22 Loom
25:20 Imperial Age
22:59 Heavy Plow
23:09 Fletching
23:49 Bodkin Arrow
24:19 Padded Archer Armor
24:44 Gold Mining
26:07 Bracer
27:12 Chemistry
27:03 Crop Rotation
26:58 Elite Elephant Archer
28:59 Leather Archer Armor
29:59 Bow Saw
31:12 Ring Archer Armor
31:16 Paiks
30:52 Elite Skirmisher
32:22 Stone Mining
32:02 Light Cavalry
32:53 Bloodlines
33:47 Ballistics
35:23 Scale Barding Armor
36:19 Hand Cart
38:00 Chain Barding Armor
38:15 Forging
[FrCo] Shenshenko
9:13 Feudal Age
9:46 Feudal Age
10:46 Double-Bit Axe
10:53 Horse Collar
13:39 Castle Age
13:41 Scale Barding Armor
14:03 Light Cavalry
15:02 Bow Saw
20:55 Wheelbarrow
23:02 Hand Cart
22:47 Fletching
22:55 Gold Mining
23:13 Loom
23:41 Bodkin Arrow
24:32 Stone Mining
25:41 Elite Skirmisher
26:23 Padded Archer Armor
29:12 Imperial Age
26:29 Town Watch
27:27 Leather Archer Armor
27:58 Ballistics
29:03 Bloodlines
28:55 Husbandry
29:54 Heavy Plow
29:57 Bracer
31:01 Chemistry
30:23 Thumb Ring
30:19 Elite Elephant Archer
31:49 Conscription
36:15 Kshatriyas
37:23 Frontier Guards
38:11 Light Cavalry
39:13 Chain Barding Armor
Connection lost

Rejoining the realm…

Still unreachable

The connection could not be restored.

Session expired

The server has moved on; the page needs a fresh start.